 Dungeon Crawl Stone Soup version 0.29-a0-275-g389c0b56f3 (webtiles) character file.

Game seed: 12295567877750849399

2257 epen the Slasher (level 9, -5/74 HPs)
             Began as a Gnoll Cinder Acolyte on Mar 10, 2022.
             Was an Initiate of Okawaru.
             Slain by a fire elemental (12 damage)
             ... created by the fiery vengeance of Ignis
             ... on level 6 of the Dungeon.
             The game lasted 00:11:35 (8037 turns).

epen the Slasher (Gnoll Cinder Acolyte)             Turns: 8037, Time: 00:11:36

Health: -5/74      AC: 13    Str: 15    XL:     9   Next: 37%
Magic:  16/16      EV: 13    Int: 17    God:    Okawaru [......]
Gold:   1051       SH:  0    Dex:  4    Spells: 16/18 levels left

rFire   . . .      SeeInvis +   t - +5 hunting sling "Biun" {venom, rElec Str-3 Int+3 SInv}
rCold   + . .      Faith    .   (no shield)
rNeg    + + .      Spirit   .   F - +2 scale mail {rPois}
rPois   +          Reflect  .   I - +1 hat
rElec   +          Harm     .   k - +0 cloak
rCorr   .          Rampage  .   G - +0 pair of gloves
Will    .....                   n - +0 pair of boots
Stlth   +.........              i - amulet of the acrobat
HPRegen 0.22/turn               v - ring of Qiochics {Fly rElec rN++ EV+4 Dex-3}
MPRegen 0.15/turn               p - ring of protection from cold

@: about to teleport, flying, fire susceptible
A: fangs 1, strong nose, distributed training
a: Renounce Religion


You were on level 6 of the Dungeon.
You worshipped Okawaru.
Okawaru was noncommittal.
You visited 1 branch of the dungeon, and saw 8 of its levels.
You also visited: Sewer.

You collected 1051 gold pieces.

Inventory:

Hand Weapons
 a - a -1 falchion of flaming
 o - a +1 dagger of speed
 t - the +5 hunting sling "Biun" (weapon) {venom, rElec Str-3 Int+3 SInv}
   (You found it on level 3 of the Dungeon)

   Any ammunition fired from it poisons the flesh of those it strikes.
   Str:       It affects your strength (-3).
   Int:       It affects your intelligence (+3).
   rElec:     It insulates you from electricity.
   SInv:      It lets you see invisible.
Missiles
 r - 14 poisoned darts
Armour
 b - a +0 robe
 k - a +0 cloak (worn)
 m - a +1 helmet
 n - a +0 pair of boots (worn)
 z - a +0 ring mail
 F - a +2 scale mail of poison resistance (worn)
 G - a +0 pair of gloves (worn)
 I - a +1 hat (worn)
 J - +0 steam dragon scales
Jewellery
 c - a ring of protection from cold
 i - an amulet of the acrobat (around neck)
 l - a ring of wizardry
 p - a ring of protection from cold (right hand)
 q - a ring of flight
 v - the ring of Qiochics (left hand) {Fly rElec rN++ EV+4 Dex-3}
   (You acquired it on level 5 of the Dungeon)

   [ring of evasion]

   EV:        It affects your evasion (+4).
   Dex:       It affects your dexterity (-3).
   rElec:     It insulates you from electricity.
   rN:        It greatly protects you from negative energy.
   Fly:       It grants you flight.
 x - a ring of wizardry
Wands
 H - a wand of iceblast (11)
Scrolls
 d - a scroll of silence
 e - 2 scrolls of blinking
 g - 4 scrolls of teleportation
 j - 3 scrolls of identify
 w - 2 scrolls of magic mapping
 y - a scroll of holy word {unknown}
 A - 2 scrolls of vulnerability {unknown}
Potions
 f - a potion of degeneration {unknown}
 h - 4 potions of flight
 s - 5 potions of curing
 u - a potion of might
 B - 2 potions of attraction {unknown}
 C - a potion of lignification {unknown}
 D - a potion of brilliance {unknown}
 E - 2 potions of mutation {unknown}
 K - a potion of haste {unknown}


   Skills:
 + Level 7.8 Fighting
 + Level 4.2 Short Blades
 + Level 7.8 Long Blades
 + Level 4.2 Axes
 + Level 4.2 Maces & Flails
 + Level 4.2 Polearms
 + Level 4.2 Staves
 + Level 4.2 Slings
 + Level 4.2 Bows
 + Level 4.2 Crossbows
 + Level 4.2 Throwing
 + Level 4.2 Armour
 + Level 4.2 Dodging
 + Level 4.2 Stealth
 + Level 4.2 Shields
 + Level 4.2 Unarmed Combat
 + Level 5.1 Spellcasting
 + Level 3.4 Conjurations
 + Level 3.4 Hexes
 + Level 3.4 Summonings
 + Level 3.4 Necromancy
 + Level 3.4 Translocations
 + Level 3.4 Transmutations
 + Level 6.5 Fire Magic
 + Level 3.4 Ice Magic
 + Level 3.4 Air Magic
 + Level 3.4 Earth Magic
 + Level 3.4 Poison Magic
 + Level 4.6 Invocations
 + Level 4.2 Evocations


You had 16 spell levels left.
You knew the following spells:

 Your Spells              Type           Power      Damage    Failure   Level
a - Scorch                Fire           52%        2d7       5%          2

Your spell library contained the following spells:

 Spells                   Type           Power      Damage    Failure   Level
 Sandblast                Erth           32%        2d9       13%         1
 Corpse Rot               Necr/Air       32%        N/A       19%         2
 Passwall                 Tmut/Erth      13%        N/A       19%         2
 Poisonous Vapours        Pois/Air       32%        N/A       19%         2
 Inner Flame              Hex/Fire       21%        N/A       21%         3
 Stone Arrow              Conj/Erth      32%        3d9       36%         3
 Anguish                  Hex/Necr       8%         N/A       77%         4
 Cause Fear               Hex            8%         N/A       77%         4
 Enfeeble                 Hex            8%         N/A       100%        7
 Discord                  Hex            8%         N/A       100%        8
 Tukima's Dance           Hex            Unusable   N/A       N/A         3

Dungeon Overview and Level Annotations

Branches:
Dungeon (8/15)             Temple (0/1) D:7           Sewer (visited)
   Lair: D:8-11

Altars:
Hepliaklqana
Okawaru

Shops:
D:2 *


Innate Abilities, Weirdness & Mutations

You have very sharp teeth.
Your uncanny sense of smell can sniff out nearby items.
Your experience applies equally to all skills.


Message History

The fire elemental hits you. The fire elemental burns you!
The fire elemental barely misses you.
You shoot a sling bullet.
The sling bullet barely misses the fire elemental.
The fire elemental hits you. The fire elemental burns you!
The fire elemental hits you. The fire elemental burns you!
You shoot a sling bullet.
The sling bullet closely misses the fire elemental.
The fire elemental hits you. The fire elemental burns you!
The fire elemental misses you.
There is an open door here.
The fire elemental barely misses you.
The fire elemental completely misses you.
The fire elemental closely misses you. The fire elemental closely misses you.
You see here a +0 chain mail.
The fire elemental closely misses you.
The fire elemental completely misses you.
The fire elemental closely misses you. The fire elemental misses you.
The fire elemental hits you. The fire elemental burns you!
The fire elemental barely misses you. The fire elemental misses you.
Really fly into that dispersal trap?
You enter a dispersal trap!
The fire elemental blinks!
You blink.
You reach down and open the door.
There is an open door here.
You reach down and close the door.
The fire elemental closely misses you.
You barely miss the fire elemental. Your bite misses the fire elemental.
The fire elemental hits you. The fire elemental burns you!
The fire elemental hits you. The fire elemental burns you!
* * * LOW HITPOINT WARNING * * *
As you read the scroll of teleportation, it crumbles to dust.
You feel strangely unstable. The fire elemental hits you.
The fire elemental burns you!
* * * LOW HITPOINT WARNING * * *
The fire elemental misses you. The fire elemental barely misses you.
The fire elemental hits you. The fire elemental burns you!
You die...

######### #.^.§° ........# #.####
.######.# ##.#... .# #.#
####...... .# #.# #...°..... .#
#.# #...○..... .######.#####
#..○......
.#..........############.E.......
'#...........°.E@E○....+.........
.......#.##..#########.#○........
......[#>.EE°..........○.........
.......#####.#########.#.........
.......# #○# #.#.........
..###+## #○# #.#####.#... ..# #E#
#.......#### ..# .######.#######
#######.# # ..# .....☼.h.......
#.# #


You could see 2 fire elementals.

Vanquished Creatures
  Prince Ribbit (D:7)
  Sigmund (D:3)
  Eustachio (D:5)
  A steam dragon (D:6)
  Menkaure (D:5)
  Edmund (D:5)
  A water moccasin (D:5)
  An orc warrior (D:7)
  An ice beast (D:5)
  A phantom (D:5)
  A kobold brigand (Sewer)
  3 bullfrogs (D:7)
  A jelly (D:6)
  2 orc priests
  5 hounds
  A gnoll shaman (D:6)
  Ijyb (D:5)
  4 iguanas
  4 orc wizards
  8 adders
  8 gnolls
  3 river rats (Sewer)
  2 white imps
  2 ufetubi
  3 worms
  4 dart slugs (D:1)
  8 orcs
  10 ball pythons
  4 bats (D:1)
  7 endoplasms
  6 hobgoblins
  7 jackals
  2 quokkas
  3 frilled lizards
  14 goblins
  11 kobolds
  7 rats
141 creatures vanquished.

Vanquished Creatures (collateral kills)
  A foxfire (D:5)
1 creature vanquished.

Vanquished Creatures (others)
  A goblin (D:3)
  75 foxfires
  15 plants (D:5)
91 creatures vanquished.

Grand Total: 233 creatures vanquished

Notes
Turn   | Place    | Note
-------+----------+-------------------------------------------
     0 | D:1      | epen the Gnoll Cinder Acolyte began the quest for the Orb.
     0 | D:1      | Reached XP level 1. HP: 23/23 MP: 4/4
    58 | D:1      | Reached XP level 2. HP: 15/29 MP: 5/5
   454 | D:1      | Reached XP level 3. HP: 29/35 MP: 7/7
   855 | D:1      | Found a faded altar of an unknown god.
  1054 | D:1      | Reached skill level 1 in Invocations
  1250 | D:2      | Found Cyroo's General Store.
  1267 | D:2      | Reached skill level 1 in Short Blades
  1267 | D:2      | Reached skill level 1 in Axes
  1267 | D:2      | Reached skill level 1 in Maces & Flails
  1267 | D:2      | Reached skill level 1 in Polearms
  1267 | D:2      | Reached skill level 1 in Staves
  1267 | D:2      | Reached skill level 1 in Slings
  1267 | D:2      | Reached skill level 1 in Bows
  1267 | D:2      | Reached skill level 1 in Crossbows
  1267 | D:2      | Reached skill level 1 in Throwing
  1267 | D:2      | Reached skill level 1 in Armour
  1267 | D:2      | Reached skill level 1 in Dodging
  1267 | D:2      | Reached skill level 1 in Stealth
  1267 | D:2      | Reached skill level 1 in Shields
  1267 | D:2      | Reached skill level 1 in Unarmed Combat
  1267 | D:2      | Reached skill level 1 in Evocations
  1275 | D:2      | Reached XP level 4. HP: 10/41 MP: 8/8
  1654 | D:2      | Reached skill level 1 in Conjurations
  1654 | D:2      | Reached skill level 1 in Hexes
  1654 | D:2      | Reached skill level 1 in Summonings
  1654 | D:2      | Reached skill level 1 in Necromancy
  1654 | D:2      | Reached skill level 1 in Translocations
  1654 | D:2      | Reached skill level 1 in Transmutations
  1654 | D:2      | Reached skill level 1 in Ice Magic
  1654 | D:2      | Reached skill level 1 in Air Magic
  1654 | D:2      | Reached skill level 1 in Earth Magic
  1654 | D:2      | Reached skill level 1 in Poison Magic
  1789 | D:2      | Learned a level 2 spell: Scorch
  1948 | D:2      | Reached XP level 5. HP: 35/47 MP: 9/9
  2215 | D:2      | Found a hazy altar of Hepliaklqana.
  2362 | D:3      | Found a glowing drain.
  2381 | Sewer    | Entered a sewer
  2630 | Sewer    | Noticed a kobold brigand
  2645 | Sewer    | Killed a kobold brigand
  2646 | Sewer    | Reached XP level 6. HP: 46/53 MP: 9/11
  2668 | Sewer    | Found a white marble altar of Elyvilon.
  3142 | D:3      | Identified the +5 hunting sling "Biun" {venom, rElec Str-3
                  | Int+3 SInv}
  3884 | D:3      | Noticed Sigmund
  3891 | D:3      | Killed Sigmund
  3892 | D:3      | Reached XP level 7. HP: 59/59 MP: 12/12
  4354 | D:4      | Identified a scroll of acquirement
  4354 | D:4      | Acquired 619 gold pieces
  4841 | D:5      | Entered Level 5 of the Dungeon
  4842 | D:5      | Noticed Eustachio
  4850 | D:5      | Killed Eustachio
  5029 | D:5      | Noticed Edmund
  5033 | D:5      | Noticed Menkaure
  5039 | D:5      | Killed Edmund
  5040 | D:5      | Reached XP level 8. HP: 24/67 MP: 14/14
  5041 | D:5      | Killed Menkaure
  5722 | D:5      | Found an iron altar of Okawaru.
  5739 | D:5      | Acquired the ring of Qiochics {Fly rElec rN++ EV+4 Dex-3}
  5767 | D:5      | Noticed Ijyb
  5798 | D:5      | Killed Ijyb
  6199 | D:6      | You are sucked into a shaft and drop 2 floors!
  6223 | D:7      | Reached XP level 9. HP: 34/73 MP: 14/16
  6571 | D:7      | Noticed Prince Ribbit
  6585 | D:7      | Killed Prince Ribbit
  6586 | D:7      | Reached skill level 5 in Spellcasting
  7026 | D:5      | Fell from the grace of Ignis
  7026 | D:5      | Became a worshipper of Warmaster Okawaru
  7599 | D:7      | Found a staircase to the Ecumenical Temple.
  8037 | D:6      | Slain by a fire elemental

Illustrated notes

Levels and vault maps discovered:
D:1:      lightli_iron_boxes, layout_basic, ebering_ecumenical_altar_rust,
          eino_curves_02, minmay_tetromino_i2
D:2:      layout_rooms, serial_shops, nicolae_shop_trees, basic_altar
D:3:      layout_basic, portal_sewer_entry_a, minivault_23, minmay_puff,
          uniq_sigmund
D:4:      layout_basic, hangedman_decor_riveting
D:5:      layout_loops_cross, mainiacjoe_overflow_catwalk, serial_bayou,
          serial_bayou_pond_c, serial_bayou_shore_a, serial_bayou_pond_e,
          serial_bayou_pond_e, uniq_eustachio, uniq_menkaure, uniq_ijyb,
          uniq_edmund
D:6:      layout_basic
D:7:      layout_basic, minmay_temple_entry_sparse_star, serial_shops,
          nicolae_shop_statue_plus, lemuel_flame_loot_1, uniq_prince_ribbit1
D:8:      layout_loops_cross, minmay_lair_entry_grove

Skill      XL: |  1  2  3  4  5  6  7  8  9 |
---------------+----------------------------+-----
Invocations    | 1 2 3 4 |  4.6
Short Blades   | 1 2 3 4 |  4.2
Axes           | 1 2 3 4 |  4.2
Maces & Flails | 1 2 3 4 |  4.2
Polearms       | 1 2 3 4 |  4.2
Staves         | 1 2 3 4 |  4.2
Slings         | 1 2 3 4 |  4.2
Bows           | 1 2 3 4 |  4.2
Crossbows      | 1 2 3 4 |  4.2
Throwing       | 1 2 3 4 |  4.2
Armour         | 1 2 3 4 |  4.2
Dodging        | 1 2 3 4 |  4.2
Stealth        | 1 2 3 4 |  4.2
Shields        | 1 2 3 4 |  4.2
Unarmed Combat | 1 2 3 4 |  4.2
Evocations     | 1 2 3 4 |  4.2
Spellcasting   | 3 4 5 |  5.1
Conjurations   | 1 2 3 |  3.4
Hexes          | 1 2 3 |  3.4
Summonings     | 1 2 3 |  3.4
Necromancy     | 1 2 3 |  3.4
Translocations | 1 2 3 |  3.4
Transmutations | 1 2 3 |  3.4
Ice Magic      | 1 2 3 |  3.4
Air Magic      | 1 2 3 |  3.4
Earth Magic    | 1 2 3 |  3.4
Poison Magic   | 1 2 3 |  3.4
Fighting       | 7 |  7.8
Long Blades    | 7 |  7.8
Fire Magic     | 6 |  6.5

Action                   |  1- 3 |  4- 6 |  7- 9 || total
-------------------------+-------+-------+-------++-------
Melee: Falchion          |    99 |   155 |       ||   254
       Bite              |     9 |    11 |     1 ||    21
       Punch             |     2 |     3 |       ||     5
       Hunting sling     |       |       |    14 ||    14
 Fire: Hunting sling     |       |    23 |   206 ||   229
Invok: Foxfire Swarm     |     1 |     2 |     5 ||     8
       Fiery Armour      |       |     1 |       ||     1
  Use: Scroll            |       |       |    13 ||    13
 Stab: Sleeping          |     2 |     1 |       ||     3
Armor: Robe              |    16 |    52 |    11 ||    79
       Ring mail         |       |       |    29 ||    29
       Scale mail        |       |       |    26 ||    26
Dodge: Dodged            |    46 |   104 |   148 ||   298

Table legend: (Time is in decaauts)
 A = Elapsed time spent in this place.
 B = Non-inter-level travel time spent in this place.
 C = Inter-level travel time spent in this place.
 D = Time resting spent in this place.
 E = Time spent auto-exploring this place.
 F = Levels seen in this place.
 G = Mean time per level.
                   A        B        C        D        E       F      G
               +--------+--------+--------+--------+--------+-----+--------+
         Total |   8154 |   7850 |    304 |   1850 |   4607 |   9 |  906.0 |
       Dungeon |   7797 |   7493 |    304 |   1677 |   4510 |   8 |  974.6 |
         Sewer |    356 |    356 |      0 |    173 |     96 |   1 |  356.0 |
               +--------+--------+--------+--------+--------+-----+--------+

Top non-repeatable levels by time:
     D:5: 1554 daAuts
     D:3: 1548 daAuts
     D:1: 1478 daAuts
     D:2: 877 daAuts
     D:7: 871 daAuts
     D:6: 849 daAuts
     D:4: 611 daAuts
   Sewer: 356 daAuts
     D:8: 6 daAuts
